 Dungeon Crawl Stone Soup version 0.27-a0-705-ga0013940fb (webtiles) character file.

Game seed: 16581358613930217545

25 porpoise the Conjurer (level 3, -8/19 HPs)
             Began as a Tengu Conjurer on Mar 23, 2021.
             Mangled by Sigmund
             ... wielding a +0 scythe
              (10 damage)
             ... on level 2 of the Dungeon.
             The game lasted 00:04:38 (936 turns).

porpoise the Conjurer (Tengu Conjurer)               Turns: 936, Time: 00:04:39

Health: -8/19      AC:  2    Str: 13    XL:     3   Next: 4%
Magic:  7/7        EV: 12    Int: 19    God:
Gold:   25         SH:  0    Dex: 12    Spells: 4/7 levels left

rFire    + . .     SeeInvis .   a - +0 quarterstaff
rCold    + . .     Faith    .   (shield currently unavailable)
rNeg     . . .     Spirit   .   g - +0 robe
rPois    +         Reflect  .   (helmet restricted)
rElec    +         Harm     .   (no cloak)
rCorr    +         Rampage  .   (no gloves)
Will     .....                  (boots unavailable)
Stlth    +.........             (no amulet)
HPRegen  0.06/turn              e - +6 ring of strength
MPRegen  0.10/turn              (no ring)

@: confused, resistant, flying, hasted, very quick
A: beak, talons 3
a: no special abilities


You were on level 2 of the Dungeon.
You visited 1 branch of the dungeon, and saw 2 of its levels.

You collected 25 gold pieces.

Inventory:

Hand Weapons
 a - a +0 quarterstaff (weapon)
 l - a +0 dagger
Missiles
 c - 17 stones
Armour
 g - a +0 robe (worn)
Jewellery
 e - a +6 ring of strength (right hand)
Scrolls
 f - a scroll of summoning {unknown}
 h - 3 scrolls of teleportation {unknown}
 j - 2 scrolls of identify {unknown}


   Skills:
 - Level 2.1 Dodging
 - Level 2.0 Stealth
 + Level 2.6 Spellcasting
 + Level 5.9 Conjurations


You had 4 spell levels left.
You knew the following spells:

 Your Spells              Type           Power      Damage    Failure   Level
a - Magic Dart            Conj           100%       1d8       1%          1
b - Searing Ray           Conj           50%        3d5       1%          2

Your spell library contained the following spells:

 Spells                   Type           Power      Damage    Failure   Level
 Dazzling Flash           Conj/Hex       26%        N/A       14%         3
 Fulminant Prism          Conj/Hex       6%         3d7       43%         4
 Iskenderun's Mystic Bla  Conj/Tloc      13%        2d5       43%         4


Dungeon Overview and Level Annotations

Branches:
Dungeon (2/15)

Altars:

Shops:
D:1 =

Annotations:
D:2 Sigmund


Innate Abilities, Weirdness & Mutations

You have a beak for a mouth.
You have claws for feet.


Message History

You start resting.
HP restored.
Unknown command.
j - 2 scrolls labelled SYAXZO FYCVIDD (gained 1) Sigmund the Dreaded comes into view.
He is wielding a +0 scythe.
You see here 5 gold pieces.
Casting: Searing Ray (safe; 1% risk of failure)
Confirm with . or Enter, or press ? or * to list all spells.
Aiming: Searing Ray (safe; 1% risk of failure)
Press: ? - help, Shift-Dir - straight line, f - Sigmund
Aim: Sigmund, wielding a +0 scythe and wearing a +0 robe (23% to evade)
The searing ray hits Sigmund.
Sigmund is lightly wounded. (Press . to maintain the ray.) Sigmund says, "Don't worry, I'll kill you fast."
Sigmund points at himself and mumbles some strange words.
Sigmund flickers and vanishes!
Deactivating autopickup; reactivate with Ctrl-A.
The searing ray hits something!
The searing ray hits something!
You finish channeling your searing ray.
You hear some strange, mumbled words.
You are confused.
It was a potion of haste.
You feel yourself speed up. Something hits you.
It was a potion of magic.
Magic courses through your body. Something hits you.
Okay, then.
It was a potion of flight.
You feel very buoyant.
You fly up into the air.
It was a potion of resistance.
You feel protected. Something hits you!
* * * LOW HITPOINT WARNING * * *
Something hits you.
* * * LOW HITPOINT WARNING * * *
A giant cockroach comes into view.
You're too confused to cast spells.
You miss something. Something hits you!
Ouch! That really hurt!
You die...

###.###...##
#..........
#.#.##.(..#
#.#........
####.#......#
#....$..#.#.# ##
.###.##.#..#†#.# ...
........#...)#.##...
.......@#...........
.B.............##...
..##.###†......#
#........#.##
#####.##.#.#
#.##.#.# #.....<#
####.### #.#


You could see a giant cockroach.

Vanquished Creatures
  An adder (D:2)
  A giant cockroach (D:1)
  A hobgoblin (D:1)
  3 jackals (D:1)
  2 oozes
  2 ball pythons (D:1)
  A bat (D:1)
  A frilled lizard (D:1)
  A goblin (D:2)
  3 rats
16 creatures vanquished.

Notes
Turn   | Place    | Note
-------+----------+-------------------------------------------
     0 | D:1      | porpoise the Tengu Conjurer began the quest for the Orb.
     0 | D:1      | Reached XP level 1. HP: 10/10 MP: 4/4
   166 | D:1      | Found Waceak's Jewellery Emporium.
   348 | D:1      | Reached XP level 2. HP: 14/15 MP: 6/6
   377 | D:1      | Learned a level 2 spell: Searing Ray
   783 | D:2      | Reached XP level 3. HP: 17/19 MP: 1/7
   921 | D:2      | Noticed Sigmund
   936 | D:2      | Mangled by Sigmund

Illustrated notes

Levels and vault maps discovered:
D:1:      minmay_arrival_loop, layout_loops_ring, serial_shops, shop
D:2:      layout_loops_cross, corexii_shack, uniq_sigmund

Action                   || total
-------------------------++-------
Melee: Dagger            ||     8
       Kick              ||     3
       Quarterstaff      ||     1
Throw: Stone             ||     1
 Cast: Magic Dart        ||    11
       Searing Ray       ||     3
  Use: Potion            ||     4
 Stab: Sleeping          ||     2
Dodge: Dodged            ||     3

Table legend: (Time is in decaauts)
 A = Elapsed time spent in this place.
 B = Non-inter-level travel time spent in this place.
 C = Inter-level travel time spent in this place.
 D = Time resting spent in this place.
 E = Time spent auto-exploring this place.
 F = Levels seen in this place.
 G = Mean time per level.
                   A        B        C        D        E       F      G
               +--------+--------+--------+--------+--------+-----+--------+
         Total |    931 |    885 |     46 |    281 |    492 |   2 |  465.5 |
       Dungeon |    931 |    885 |     46 |    281 |    492 |   2 |  465.5 |
               +--------+--------+--------+--------+--------+-----+--------+

Top non-repeatable levels by time:
     D:1: 705 daAuts
     D:2: 225 daAuts
